 Dungeon Crawl Stone Soup version 0.28-a0-1396-gdcb3f3653b (webtiles) character file.

Game seed: 5356574425991106298

725 LSt the Skirmisher (level 7, 67/67 HPs)
             Began as a Minotaur Fighter on Oct 12, 2021.
             Was an Initiate of Okawaru.
             Quit the game on level 5 of the Dungeon on Jan 5, 2022.
             The game lasted 00:19:33 (4733 turns).

LSt the Skirmisher (Minotaur Fighter)               Turns: 4733, Time: 00:19:34

Health: 67/67      AC: 12    Str: 22    XL:     7   Next: 43%
Magic:  6/6        EV:  6    Int:  5    God:    Okawaru [......]
Gold:   179        SH:  5    Dex: 16    Spells: 6/6 levels left

rFire   . . .      SeeInvis .   a - +0 war axe
rCold   . . .      Faith    .   c - +0 buckler
rNeg    . . .      Spirit   .   s - +0 plate armour
rPois   .          Reflect  .   (helmet restricted)
rElec   .          Harm     .   (no cloak)
rCorr   .          Rampage  .   j - +0 pair of gloves
Will    .....                   (no boots)
Stlth   ..........              (no amulet)
HPRegen 0.21/turn               z - +6 ring of dexterity
MPRegen 0.10/turn               (no ring)

@: no status effects
A: horns 2, retaliatory headbutt
a: Renounce Religion


You were on level 5 of the Dungeon.
You worshipped Okawaru.
Okawaru was noncommittal.
You visited 2 branches of the dungeon, and saw 6 of its levels.

You collected 207 gold pieces.
You spent 28 gold pieces at shops.

Inventory:

Hand Weapons
 a - a +0 war axe (weapon)
 b - a +0 hunting sling
 v - a +0 flail
 x - a +0 morningstar
 A - the +9 whip of a Labyrinth {elec, rElec Dex+4}
   (You found it on level 5 of the Dungeon)

   It occasionally discharges a powerful burst of electricity upon striking a
   foe.
   Dex:       It affects your dexterity (+4).
   rElec:     It insulates you from electricity.
Missiles
 f - 113 stones (quivered)
 h - 2 boomerangs
 i - 37 arrows
 u - 14 sling bullets
 B - 24 bolts
Armour
 c - a +0 buckler (worn)
 j - a +0 pair of gloves (worn)
 n - a +0 scale mail
 s - a +0 plate armour (worn)
Jewellery
 z - a +6 ring of dexterity (left hand)
Wands
 y - a wand of acid (6)
Scrolls
 l - a scroll of identify
 m - a scroll of vulnerability
 p - a scroll of brand weapon {unknown}
 q - a scroll of teleportation {unknown}
 r - a scroll of noise {unknown}
Potions
 d - 3 potions of might
 e - 2 potions of flight
 g - 3 potions of curing
 k - a potion of ambrosia
 o - a potion of haste
 t - 2 potions of heal wounds
 w - a potion of attraction {unknown}


   Skills:
 + Level 7.9 Fighting
 + Level 7.4 Axes
 - Level 3.6 Armour
 - Level 3.6 Shields


You had 6 spell levels left.
You didn't know any spells.
Your spell library contained the following spells:

 Spells                   Type           Power      Damage    Failure   Level
 Sublimation of Blood     Necr           0%         N/A       100%        2
 Wereblood                Tmut           0%         N/A       100%        2
 Summon Hydra             Summ           Unusable   N/A       N/A         7

Dungeon Overview and Level Annotations

Branches:
Dungeon (5/15)             Temple (1/1) D:5

Altars:
Ashenzari
Cheibriados
Elyvilon
Fedhas
Gozag
Makhleb
Nemelex Xobeh
Okawaru
Qazlal
Sif Muna
Vehumet
Wu Jian
Xom
Yredelemnul
Zin
The Shining One

Shops:
D:2 ???(


Innate Abilities, Weirdness & Mutations

You have a pair of horns on your head.
You reflexively headbutt those who attack you in melee.


Message History

The scorpion zombie is severely damaged.
The scorpion zombie hits you but does no damage.
You slash the scorpion zombie!
The scorpion zombie is almost destroyed.
The scorpion zombie hits you but does no damage.
You slash the scorpion zombie!
You destroy the scorpion zombie!
Okawaru accepts your kill.
A scorpion comes into view.
You slash the scorpion!
The scorpion is severely wounded.
The scorpion stings you but does no damage.
You closely miss the scorpion.
The scorpion is severely wounded.
The scorpion stings you but does no damage. x2
You hit the scorpion but do no damage.
The scorpion is severely wounded.
The scorpion stings you but does no damage.
You closely miss the scorpion.
You headbutt the scorpion, but do no damage.
The scorpion is severely wounded.
The scorpion barely misses you. You furiously retaliate!
You headbutt the scorpion!
You kill the scorpion!
Okawaru accepts your kill.
You see here a scorpion corpse.
You now have 179 gold pieces (gained 10).
B - 24 bolts A troll comes into view.
The troll shouts!
The troll moves out of view.
Press: ? - help, v - describe, . - travel
Here: a troll The floor.
Okay, then.
Saving game... please wait.
Welcome back, LSt the Minotaur Fighter.
Okawaru says: Bring me glory in combat!
Press ? for a list of commands and other information.
Are you sure you want to abandon this character and quit the game? (Confirm with "yes".)

####. #... . #.#. .##
#.. ... #.T #.# #.#
#.# #)# #.#####.## #.#
#@.......# #.#
##.####..# #.# #.#
#..# #.# #.# #..# #.#
#.# #..###.#####
######.####...........
#.............#######.
#.####.####........##.
#.# #.## ########.##.


You could see a troll.

Vanquished Creatures
  A black bear (D:4)
  A scorpion (D:5)
  A water moccasin skeleton (D:5)
  2 hounds
  A jelly (D:5)
  5 iguanas
  2 orc wizards
  A scorpion zombie (D:5)
  Natasha (thrice) (D:3)
  A hound skeleton (D:5)
  A howler monkey skeleton (D:4)
  A gnoll (D:1)
  3 adders
  4 worms (D:2)
  A dart slug (D:1)
  10 orcs
  6 ball pythons
  6 bats
  3 endoplasms
  3 giant cockroaches
  10 goblins
  5 hobgoblins
  10 jackals
  6 kobolds
  4 quokkas
  4 frilled lizards
  3 rats
98 creatures vanquished.

Notes
Turn   | Place    | Note
-------+----------+-------------------------------------------
     0 | D:1      | LSt the Minotaur Fighter began the quest for the Orb.
     0 | D:1      | Reached XP level 1. HP: 19/19 MP: 0/0
   188 | D:1      | Reached XP level 2. HP: 27/27 MP: 1/1
   838 | D:2      | Reached XP level 3. HP: 34/34 MP: 2/2
  1006 | D:2      | Found Ydwam's Magic Scroll Shoppe.
  1025 | D:2      | Bought a scroll of identify for 28 gold pieces
  1122 | D:2      | Found Mixuquuff's Weapon Shop.
  1189 | D:2      | Found Idwyri Waarch's Magic Scroll Shop.
  1394 | D:2      | Found Kaupn's Magic Scroll Shoppe.
  1439 | D:2      | Found a faded altar of an unknown god.
  1532 | D:2      | Reached XP level 4. HP: 30/41 MP: 3/3
  1618 | D:3      | Reached skill level 5 in Fighting
  1726 | D:3      | Noticed Natasha
  1736 | D:3      | Killed Natasha
  2132 | D:3      | Reached XP level 5. HP: 46/48 MP: 4/4
  2506 | D:3      | Noticed Natasha
  2520 | D:3      | Killed Natasha
  2521 | D:3      | Reached skill level 5 in Axes
  2752 | D:3      | Noticed Natasha
  2754 | D:3      | Killed Natasha
  3081 | D:3      | Reached XP level 6. HP: 52/58 MP: 5/5
  3197 | D:4      | Found a shimmering blue altar of Sif Muna.
  3939 | D:4      | Reached XP level 7. HP: 66/66 MP: 6/6
  4272 | D:5      | Entered Level 5 of the Dungeon
  4411 | D:5      | Found a staircase to the Ecumenical Temple.
  4432 | Temple   | Entered the Ecumenical Temple
  4500 | Temple   | Became a worshipper of Warmaster Okawaru
  4526 | D:5      | Identified the +9 whip of a Labyrinth {elec, rElec Dex+4}
  4655 | D:5      | Found a basalt altar of Yredelemnul.
  4731 | D:5      | Noticed a troll
  4733 | D:5      | Upgraded the game from 0.28-a0-653-g7e9dba17c3 to
                  | 0.28-a0-1396-gdcb3f3653b
  4733 | D:5      | Quit the game

Illustrated notes

Levels and vault maps discovered:
D:1:      tarquinn_simple_flora_water_b, layout_basic, minmay_liquid_box,
          chequers_jeans
D:2:      layout_rooms, basic_ecumenical_altar, serial_shops, shop, shop,
          nicolae_lakefront_shop, nicolae_diamond_shop
D:3:      layout_basic, uniq_natasha
D:4:      mumra_celtic_spiral_tile, layout_gridville,
          nicolae_overflow_crystal_walls, minmay_between
D:5:      layout_loops_ring, minmay_temple_entry_purple_smoke,
          hangedman_feature_mirror
Temple:   eino_narrow_crystal_temple

Skill      XL: |  1  2  3  4  5  6  7 |
---------------+----------------------+-----
Fighting       | 4 5 6 7 |  7.9
Axes           | 3 4 5 6 7 |  7.4
Armour         | |  3.6
Shields        | |  3.6

Action                   |  1- 3 |  4- 6 |  7- 9 || total
-------------------------+-------+-------+-------++-------
Melee: War axe           |    60 |   125 |    49 ||   234
       Headbutt          |    20 |    17 |     9 ||    46
  Use: Scroll            |     2 |     2 |     1 ||     5
Armor: Scale mail        |    26 |     1 |       ||    27
       Plate armour      |       |    67 |    35 ||   102
Dodge: Dodged            |    19 |    35 |     9 ||    63
Block: Buckler           |    10 |    27 |     8 ||    45

Table legend: (Time is in decaauts)
 A = Elapsed time spent in this place.
 B = Non-inter-level travel time spent in this place.
 C = Inter-level travel time spent in this place.
 D = Time resting spent in this place.
 E = Time spent auto-exploring this place.
 F = Levels seen in this place.
 G = Mean time per level.
                   A        B        C        D        E       F      G
               +--------+--------+--------+--------+--------+-----+--------+
         Total |   4796 |   3497 |   1299 |    740 |   2017 |   6 |  799.3 |
       Dungeon |   4712 |   3431 |   1281 |    740 |   1961 |   5 |  942.4 |
        Temple |     83 |     65 |     18 |      0 |     56 |   1 |   83.0 |
               +--------+--------+--------+--------+--------+-----+--------+

Top non-repeatable levels by time:
     D:3: 1475 daAuts
     D:4: 1186 daAuts
     D:1: 838 daAuts
     D:2: 828 daAuts
     D:5: 383 daAuts
  Temple: 83 daAuts
